 Dungeon Crawl Stone Soup version 0.29.1-2-gbd0b4ee654 (webtiles) character file.

Game seed: 11673803306747164294

92536 KittyFluff the Bludgeoner (level 15, -2/122 HPs)
             Began as a Demonspawn Berserker on Nov 29, 2022.
             Was a High Priest of Trog.
             Slain by a wolf spider (6 damage)
             ... on level 13 of the Dungeon.
             The game lasted 02:39:11 (22581 turns).

KittyFluff the Bludgeoner (Demonspawn Berserker)   Turns: 22581, Time: 02:39:13

Health: -2/122     AC: 21    Str: 32    XL:     15   Next: 58%
Magic:  24/24      EV: 16    Int:  6    God:    Trog [*****.]
Gold:   1942       SH:  5    Dex: 19    Spells: 14/14 levels left

rFire   + . .      SeeInvis +   B - +10 flail of Profit {protect, rPois MP+9 Int-2 SInv}
rCold   . . .      Faith    .   (no shield)
rNeg    . . .      Spirit   .   T - +3 leather armour {rF+}
rPois   +          Reflect  +   E - +4 hat of Itrarogh {*Corrode rElec Slay+6 Stlth+}
rElec   +          Harm     .   u - +0 cloak
rCorr   +          Rampage  .   (gloves unavailable)
Will    +++..                   (no boots)
Stlth   ++++......              r - amulet of reflection
HPRegen 0.30/turn               C - +6 ring of dexterity
MPRegen 0.38/turn               l - ring of Nammeqyu {rCorr Str+7}

@: under a protective aura
A: rugged brown scales 2, demonic guardian 2, magic regeneration, bedeviling,
demonic touch 3, antennae 1, strong-willed 2, sense surroundings 1
a: Renounce Religion, Berserk, Trog's Hand, Brothers in Arms


You were on level 13 of the Dungeon.
You worshipped Trog.
Trog was extremely pleased with you.
You visited 2 branches of the dungeon, and saw 18 of its levels.
You also visited: Sewer and Volcano.

You collected 1942 gold pieces.

Inventory:

Hand Weapons
 t - a +2 shortbow of flaming
 B - the +10 flail of Profit (weapon) {protect, rPois MP+9 Int-2 SInv}
   (You found it on level 4 of the Dungeon)

   It grants its wielder temporary protection when it strikes (+7 to AC).
   Int:       It affects your intelligence (-2).
   rPois:     It protects you from poison.
   MP:        It affects your magic capacity (+9).
   SInv:      It lets you see invisible.
 K - the +8 quarterstaff of Conversion {antimagic, +Blink rF- rN+++ Str+4}
   (Trog gifted it to you on level 5 of the Lair of Beasts)

   It reduces the magical energy of the wielder, and disrupts the spells and
   magical abilities of those it strikes.
   Natural abilities and divine invocations are not affected.
   Str:       It affects your strength (+4).
   rF:        It makes you vulnerable to fire.
   rN:        It renders you almost immune to negative energy.
   +Blink:    It lets you blink.
 O - a +1 vorpal great mace
Missiles
 b - 47 poisoned darts (quivered)
 e - 4 silver boomerangs
 k - 10 atropa-tipped darts
 n - 3 throwing nets
 x - 11 boomerangs
 I - 2 boomerangs of dispersal
 R - 3 curare-tipped darts
 V - 3 javelins
Armour
 u - a +0 cloak (worn)
 y - a +4 chain mail of fire resistance
 E - the +4 hat of Itrarogh (worn) {*Corrode rElec Slay+6 Stlth+}
   (You found it in a volcano)

   Slay:      It affects your accuracy & damage with ranged weapons and melee
   (+6).
   rElec:     It insulates you from electricity.
   *Corrode:  It may corrode you when you take damage.
   Stlth:     It makes you more stealthy.
 F - a +2 robe of willpower
 G - a +3 ring mail of fire resistance
 P - +0 acid dragon scales
 T - a +3 leather armour of fire resistance (worn)
 Z - a +2 chain mail of positive energy
Jewellery
 f - a ring of poison resistance
 j - a +6 ring of dexterity
 l - the ring of Nammeqyu (right hand) {rCorr Str+7}
   (You found it on level 5 of the Lair of Beasts)

   [ring of resist corrosion]

   Str:       It affects your strength (+7).
   rCorr:     It protects you from acid and corrosion.
 r - an amulet of reflection (around neck)
 C - a +6 ring of dexterity (left hand)
 X - a ring of willpower
Wands
 d - a wand of digging (5)
 o - a wand of paralysis (11)
 v - a wand of flame (16)
 Q - a wand of polymorph (6)
 S - a wand of roots (11)
 U - a wand of mindburst (9)
Scrolls
 c - 2 scrolls of magic mapping
 g - 4 scrolls of poison
 m - 10 scrolls of teleportation
 D - 5 scrolls of enchant weapon
 J - 3 scrolls of blinking
 L - 2 scrolls of fear
 M - a scroll of silence
 Y - a scroll of enchant armour
Potions
 a - 3 potions of attraction
 h - 4 potions of magic
 i - 4 potions of ambrosia
 p - 2 potions of berserk rage
 q - 2 potions of lignification
 s - 6 potions of might
 w - 2 potions of invisibility
 z - 4 potions of curing
 A - 2 potions of cancellation
 H - 3 potions of mutation
 N - 3 potions of haste
 W - 3 potions of heal wounds


   Skills:
 + Level 10.4 Fighting
 * Level 15.3(15.5) Maces & Flails
 + Level 4.8(11.0) Staves
 * Level 10.3 Throwing
 * Level 10.4 Armour
 + Level 7.2 Dodging
 + Level 4.6 Stealth
 + Level 4.8 Shields
 + Level 2.9 Evocations


You had 14 spell levels left.
You didn't know any spells.
Your spell library was empty.

Dungeon Overview and Level Annotations

Branches:
Dungeon (13/15)            Temple (0/1) D:4            Lair (5/5) D:10
 Shoals (0/4) Lair:2       Spider (0/4) Lair:2        Slime (0/5) Lair:4
    Orc (0/2) D:12          Sewer (visited)         Volcano (visited)
 Vaults: D:13-14

Altars:
Cheibriados
Dithmenos
Hepliaklqana
Kikubaaqudgha
Makhleb
Nemelex Xobeh
Okawaru
Qazlal
Sif Muna
Uskayaw
Wu Jian
Xom
Yredelemnul
Jiyva

Shops:
D:13 *

Portals:
Abyss: Lair:2


Innate Abilities, Weirdness & Mutations

You are mostly covered in rugged brown scales. (AC +2, +5% HP)
A demonic guardian rushes to your aid.
You regenerate magic rapidly.
Your hexes are more powerful.
Your touch may irresistibly damage your foes and sap their willpower.
You have a pair of small antennae on your head.
You are highly strong-willed. (Will++)
You passively map a small area around you.


Message History

The wolf spider hits you but does no damage.
The wolf spider bites you but does no damage.
You bludgeon the wolf spider!!
The wolf spider is heavily wounded.
Your surroundings suddenly seem different.
Things that are here:
a +0 shortbow; a centaur skeleton
Things that are here:
a +0 great mace; a +0 plate armour You start resting.
A wolf spider is nearby!
The wolf spider's many legs skitter.
A wolf spider is nearby!
The wolf spider hits you!
* * * LOW HITPOINT WARNING * * *
The wolf spider bites you!
* * * LOW HITPOINT WARNING * * *
A demonic guardian appears!
You barely miss the wolf spider. The wolf spider closely misses you.
The wolf spider bites you!
* * * LOW HITPOINT WARNING * * *
You bludgeon the wolf spider!!
Your weapon exudes an aura of protection.
You touch the wolf spider!
You sap its willpower!
The wolf spider is severely wounded.
Your hellwing swoops through the air toward the wolf spider!
Your hellwing completely misses the wolf spider. x2
The wolf spider hits you but does no damage.
The wolf spider bites you but does no damage.
The wolf spider attacks as you move away!
The wolf spider closely misses you. The wolf spider bites you!
* * * LOW HITPOINT WARNING * * *
A wolf spider is nearby!
You hit the wolf spider.
The wolf spider is severely wounded.
The wolf spider hits you but does no damage.
The wolf spider closely misses you.
Your hellwing barely misses the wolf spider.
Your hellwing misses the wolf spider. The wolf spider hits you.
You die...

#.....#.###..#
#.#####.# #.###
#.# #.###.... #.#
#.##..... #.#
#.##..... ####.#
#......## #....#
#####..## #.####
#..## #@# ###..##
#s# .#...#. #4#
.#...#. #.#
..#.#.. #.# *
...#... #.#
..#.#.. #.#
,#...#. #.#
.#...#.
#)########..#...#.


You could see a wolf spider (weak-willed, ally target) and a friendly hellwing
(summoned).

Vanquished Creatures
  The ghost of TheSexyCheese the Protected, a journeyman MiFi of Gozag (D:12)
  Harold (D:10)
  A vault guard (D:13)
  7 hydras
  2 catoblepae
  A boulder beetle (Lair:4)
  6 centaur warriors (D:13)
  3 two-headed ogres
  An ogre mage (D:10)
  The ghost of hawla the Thaumaturge, a journeyman MeIE of Vehumet (Lair:2)
  An anaconda (shapeshifter) (Lair:2)
  19 death yaks
  A tengu warrior (D:13)
  A deep troll shaman (Lair:5)
  Amaemon (D:9)
  A thrashing horror (Lair:2)
  The ghost of LustLizard the Thaumaturge, a novice DjIE of Ashenzari (D:8)
  A sixfirhy (Lair:2)
  A deep troll (Lair:1)
  A deep elf archer (Volcano)
  An orc knight (D:10)
  5 deep elf pyromancers (Volcano)
  2 ugly things (Lair:2)
  A manticore (Lair:2)
  16 elephants
  3 black mambas
  An orange demon (D:9)
  8 cane toads
  2 komodo dragons
  Psyche (D:9)
  A rime drake (Lair:5)
  A yaktaur (D:13)
  3 polar bears
  An ancient zyme (Lair:2)
  5 trolls
  A wind drake (Lair:2)
  A large abomination (Lair:2)
  6 slime creatures (D:12)
  14 blink frogs
  7 dream sheep (Lair:5)
  A culicivora (Lair:2)
  A spriggan (Lair:2)
  46 yaks
  5 fire elementals (Volcano)
  2 wraiths
  2 steam dragons
  3 basilisks
  4 wyverns
  5 acid dragons
  8 water moccasins
  3 hell hounds (Volcano)
  Duvessa (D:4)
  9 orc warriors
  A swamp drake (shapeshifter) (D:3)
  The ghost of gdog the Covert, an amateur GnDe (D:5)
  2 black bears
  2 sky beasts
  9 centaurs
  An ogre (D:5)
  7 wolves
  4 kobold brigands
  A gnoll sergeant (D:11)
  2 necrophages
  12 bullfrogs
  3 scorpions
  9 wights
  Dowan (D:4)
  3 killer bees (D:9)
  6 howler monkeys
  2 electric eels (Lair:4)
  Crazy Yiuf (D:2)
  2 hounds (D:6)
  2 jellies (D:6)
  4 orc priests
  4 iguanas
  12 orc wizards
  3 hell rats (Lair:3)
  5 gnolls (D:11)
  13 adders
  A river rat (Sewer)
  2 shadow imps
  2 white imps
  4 ufetubi
  3 worms
  3 dart slugs (D:3)
  51 orcs
  8 ball pythons
  An endoplasm (D:1)
  7 giant cockroaches
  5 goblins
  8 hobgoblins
  12 jackals
  3 quokkas
  5 bats
  8 frilled lizards
  17 kobolds
  8 rats
  A lurking horror (Lair:2)
483 creatures vanquished.

Vanquished Creatures (collateral kills)
  A catoblepas (Lair:5)
  A death yak (Lair:3)
  An elephant (Lair:5)
  A blink frog (Lair:5)
  A wolf (Lair:2)
  3 centaurs (D:13)
  A hell rat (Lair:3)
9 creatures vanquished.

Vanquished Creatures (others)
  2 orcs
  3 bushes (Lair:5)
  42 fungi
  59 plants
106 creatures vanquished.

Grand Total: 598 creatures vanquished

Notes
Turn   | Place    | Note
-------+----------+-------------------------------------------
     0 | D:1      | KittyFluff the Demonspawn Berserker began the quest for the
                  | Orb.
     0 | D:1      | Reached XP level 1. HP: 18/18 MP: 1/1
   871 | D:1      | Gained mutation: You are partially covered in rugged brown
                  | scales. (AC +1, +3% HP) [demonic ancestry]
   871 | D:1      | Reached XP level 2. HP: 18/24 MP: 2/2
  1170 | D:1      | Found a faded altar of an unknown god.
  1198 | D:2      | Reached skill level 3 in Maces & Flails
  1259 | D:2      | Reached XP level 3. HP: 28/29 MP: 3/3
  1892 | D:2      | Reached ** piety under Trog
  2071 | D:2      | Reached XP level 4. HP: 36/36 MP: 4/4
  2268 | D:2      | Found a burning altar of Makhleb.
  2310 | D:2      | Found a runed translucent door.
  2311 | D:2      | Noticed Crazy Yiuf
  2318 | D:2      | Killed Crazy Yiuf
  2771 | D:3      | Found an ancient bone altar of Kikubaaqudgha.
  2838 | D:3      | Noticed a shapeshifter
  2838 | D:3      | an adder changed into a shapeshifter
  2838 | D:3      | a shapeshifter changed into something unseen
  2843 | D:3      | Noticed a golden eye
  2860 | D:3      | Noticed a wolf
  2865 | D:3      | Noticed a steam dragon
  2865 | D:3      | a wolf changed into a steam dragon
  2869 | D:3      | Noticed a swamp drake
  2869 | D:3      | a steam dragon changed into a swamp drake
  2875 | D:3      | Gained mutation: You passively map a small area around you.
                  | [potion of mutation]
  2875 | D:3      | Gained mutation: You have a pair of small antennae on your
                  | head. [potion of mutation]
  2875 | D:3      | Gained mutation: You have hidden genetic potential. [potion
                  | of mutation]
  2878 | D:3      | Killed a swamp drake
  2879 | D:3      | Gained mutation: Your touch may inflict minor irresistible
                  | damage on your foes. [demonic ancestry]
  2879 | D:3      | Reached XP level 5. HP: 27/43 MP: 5/5
  2886 | D:3      | Gained mutation: You are strong-willed. (Will+) [hidden
                  | potential]
  3264 | D:3      | Reached skill level 1 in Staves
  3700 | D:4      | Noticed Duvessa
  3810 | D:4      | Identified the +10 flail of Profit {protect, rPois MP+9
                  | Int-2 SInv}
  4055 | D:4      | Noticed Dowan
  4063 | D:4      | Killed Dowan
  4064 | D:4      | Reached skill level 1 in Stealth
  4064 | D:4      | Reached XP level 6. HP: 38/49 MP: 6/6
  4068 | D:4      | Gained mutation: You are highly strong-willed. (Will++)
                  | [hidden potential]
  4068 | D:4      | Lost mutation: You have hidden genetic potential. [hidden
                  | potential expressed]
  4071 | D:4      | Killed Duvessa
  4072 | D:4      | Reached skill level 4 in Maces & Flails
  4319 | D:4      | Found a hazy altar of Hepliaklqana.
  4388 | D:4      | Found a staircase to the Ecumenical Temple.
  4590 | D:4      | Found a shadowy altar of Dithmenos.
  4591 | D:4      | Found a shimmering altar of Xom.
  4591 | D:4      | Found a burning altar of Makhleb.
  4591 | D:4      | Found an iron altar of Okawaru.
  4597 | D:4      | Found a stormy altar of Qazlal.
  4600 | D:4      | Found a hide-covered altar of Uskayaw.
  4711 | D:5      | Entered Level 5 of the Dungeon
  4750 | D:5      | Noticed gdog's ghost (amateur GnDe)
  4751 | D:5      | Found a runed translucent gate.
  4751 | D:5      | Found a runed translucent gate.
  4751 | D:5      | Found a runed translucent gate.
  4856 | D:5      | Gained mutation: Your touch may inflict irresistible damage
                  | on your foes. [demonic ancestry]
  4856 | D:5      | Reached XP level 7. HP: 55/55 MP: 7/7
  5702 | D:6      | Found a glowing drain.
  5711 | D:6      | Reached *** piety under Trog
  5725 | D:6      | Reached skill level 5 in Maces & Flails
  5725 | D:6      | Reached skill level 1 in Shields
  5737 | Sewer    | Entered a sewer
  5788 | Sewer    | Gained mutation: A weak demonic guardian rushes to your
                  | aid. [demonic ancestry]
  5788 | Sewer    | Reached XP level 8. HP: 62/62 MP: 8/8
  6135 | D:6      | Reached skill level 6 in Maces & Flails
  6197 | D:6      | Reached **** piety under Trog
  6208 | D:6      | Reached skill level 7 in Maces & Flails
  6300 | D:6      | Reached skill level 5 in Fighting
  6308 | D:6      | Reached XP level 9. HP: 66/70 MP: 9/9
  6709 | D:6      | Found a snail-covered altar of Cheibriados.
  7556 | D:8      | Reached skill level 8 in Maces & Flails
  7697 | D:8      | Found a sparkling altar of Nemelex Xobeh.
  7714 | D:8      | Reached skill level 1 in Throwing
  7892 | D:8      | Found a shimmering blue altar of Sif Muna.
  7899 | D:8      | Noticed a two-headed ogre
  7907 | D:8      | Killed a two-headed ogre
  7908 | D:8      | Reached skill level 5 in Armour
  8037 | D:8      | Reached skill level 9 in Maces & Flails
  8251 | D:8      | Found a runed translucent gate.
  8251 | D:8      | Found a runed translucent gate.
  8251 | D:8      | Found a runed translucent gate.
  8255 | D:8      | Noticed LustLizard's ghost (novice DjIE)
  8270 | D:8      | Killed LustLizard's ghost
  8271 | D:8      | Gained mutation: You are mostly covered in rugged brown
                  | scales. (AC +2, +5% HP) [demonic ancestry]
  8271 | D:8      | Reached XP level 10. HP: 78/78 MP: 10/10
  8356 | D:8      | Found a basalt altar of Yredelemnul.
  8360 | D:8      | Found an ornate altar of the Wu Jian Council.
  8738 | D:5      | Killed gdog's ghost
  9091 | D:9      | Reached ***** piety under Trog
  9120 | D:9      | Noticed Amaemon
  9121 | D:9      | Noticed an orange demon
  9140 | D:9      | Killed Amaemon
  9141 | D:9      | Reached skill level 10 in Maces & Flails
  9306 | D:9      | Noticed Psyche
  9321 | D:9      | Killed Psyche
  9430 | D:9      | Killed an orange demon
  9946 | D:10     | Entered Level 10 of the Dungeon
 10106 | D:10     | Reached XP level 11. HP: 71/85 MP: 11/11
 10150 | D:10     | Found a staircase to the Lair.
 10157 | D:10     | Noticed Harold
 10165 | D:10     | Killed Harold
 10394 | D:10     | Reached skill level 11 in Maces & Flails
 10543 | D:10     | Noticed an orc knight
 10555 | D:10     | Killed an orc knight
 10630 | D:10     | Reached skill level 5 in Dodging
 10800 | D:10     | Noticed a two-headed ogre
 10811 | D:10     | Killed a two-headed ogre
 10813 | D:10     | Noticed a two-headed ogre
 10825 | D:10     | Killed a two-headed ogre
 10826 | D:10     | Reached skill level 5 in Throwing
 10987 | D:10     | Noticed an ogre mage
 10999 | D:10     | Killed an ogre mage
 11315 | Lair:1   | Entered Level 1 of the Lair of Beasts
 11336 | Lair:1   | Reached skill level 12 in Maces & Flails
 11396 | Lair:1   | Found a dark tunnel.
 11417 | Volcano  | Entered a volcano
 11428 | Volcano  | Reached skill level 1 in Evocations
 11475 | Volcano  | Noticed a deep elf pyromancer
 11476 | Volcano  | Noticed a deep elf pyromancer
 11483 | Volcano  | Noticed a deep elf pyromancer
 11490 | Volcano  | Killed a deep elf pyromancer
 11507 | Volcano  | Noticed a deep elf pyromancer
 11528 | Volcano  | Killed a deep elf pyromancer
 11529 | Volcano  | Gained mutation: A demonic guardian rushes to your aid.
                  | [demonic ancestry]
 11529 | Volcano  | Reached XP level 12. HP: 86/95 MP: 12/12
 11672 | Volcano  | Received a gift from Trog
 11721 | Volcano  | Identified the +4 hat of Itrarogh {*Corrode rElec Slay+6
                  | Stlth+}
 12685 | Lair:2   | Found a transporter.
 12779 | Lair:2   | Found the +7 sceptre of Torment {pain, torment}
 12821 | Lair:2   | Reached skill level 13 in Maces & Flails
 12904 | Lair:2   | Found a one-way gate to the infinite horrors of the Abyss.
 12904 | Lair:2   | Noticed hawla's ghost (journeyman MeIE)
 12918 | Lair:2   | Found a transporter.
 13008 | Lair:2   | Found a hole to the Spider Nest.
 13256 | Lair:2   | Found a staircase to the Shoals.
 13442 | Lair:2   | Noticed a death yak
 13442 | Lair:2   | Noticed a death yak
 13443 | Lair:2   | Noticed a death yak
 13443 | Lair:2   | Noticed a death yak
 13444 | Lair:2   | Noticed a death yak
 13444 | Lair:2   | Noticed a death yak
 13449 | Lair:2   | Killed a death yak
 13458 | Lair:2   | Killed a death yak
 13463 | Lair:2   | Killed a death yak
 13470 | Lair:2   | Killed a death yak
 13475 | Lair:2   | Killed a death yak
 13482 | Lair:2   | Killed a death yak
 13840 | Lair:2   | Noticed an anaconda
 13980 | Lair:2   | Gained mutation: Your touch may irresistibly damage your
                  | foes and sap their willpower. [demonic ancestry]
 13980 | Lair:2   | Reached XP level 13. HP: 77/102 MP: 13/13
 13996 | Lair:2   | Killed hawla's ghost
 15132 | Lair:3   | Identified the +0 leather armour "Ipathuci" {rElec Dex+4}
 15519 | Lair:3   | Reached skill level 14 in Maces & Flails
 15766 | Lair:4   | Gained mutation: You regenerate magic rapidly. [demonic
                  | ancestry]
 15766 | Lair:4   | Reached XP level 14. HP: 113/113 MP: 14/14
 15848 | Lair:4   | Found a viscous altar of Jiyva.
 15848 | Lair:4   | Found a staircase to the Slime Pits.
 17033 | Lair:4   | Found a shimmering altar of Xom.
 17145 | Lair:5   | Entered Level 5 of the Lair of Beasts
 17199 | Lair:5   | Identified the +8 quarterstaff of Conversion {antimagic,
                  | +Blink rF- rN+++ Str+4} (Trog gifted it to you on level 5
                  | of the Lair of Beasts)
 17199 | Lair:5   | Received a gift from Trog
 17566 | Lair:5   | HP: 4/114 [blink frog (8)]
 17898 | Lair:5   | Gained mutation: Your hexes are more powerful. [demonic
                  | ancestry]
 17898 | Lair:5   | Reached XP level 15. HP: 103/120 MP: 12/15
 18263 | Lair:5   | Identified the +9 bardiche of World's End {vamp, rF- rCorr
                  | MP+9 Str+3}
 18891 | Lair:5   | Reached skill level 10 in Armour
 18908 | Lair:5   | Reached skill level 10 in Fighting
 19138 | Lair:5   | Reached skill level 15 in Maces & Flails
 19159 | Lair:5   | Reached skill level 10 in Throwing
 19316 | Lair:5   | Identified the ring of Nammeqyu {rCorr Str+7}
 20411 | D:12     | Received a gift from Trog
 20824 | D:12     | Found a staircase to the Orcish Mines.
 20882 | D:12     | Found a runed translucent door.
 20883 | D:12     | Noticed TheSexyCheese's ghost (journeyman MiFi)
 20905 | D:12     | Killed TheSexyCheese's ghost
 21405 | D:13     | Found Taiz's General Store.
 22580 | D:13     | HP: 3/122 [wolf spider (8)]
 22581 | D:13     | Slain by a wolf spider

Illustrated notes

Levels and vault maps discovered:
D:1:      dpeg_arrival_brainrot, layout_loops_cross,
          dreamdust_ecumenical_altar_hidden_monk_grotto, minmay_pentomino_r4
D:2:      layout_loops_ring, basic_altar, minmay_hedge_maze,
          uniq_crazy_yiuf_cottage
D:3:      layout_basic, overflow_temple_1_default, lemuel_round_altar,
          minmay_fractal_squares_5
D:4:      layout_loops_ring, lemuel_coloured_pillars_altar,
          minmay_overflow_temple_hex, temple_hall, uniq_duvessa
D:5:      layout_layer_cave, gammafunk_ghost_nasty_kobolds
D:6:      minmay_polygon_palace, layout_basic, lemuel_doored_altar,
          cheibrodos_sewer_entry_drain, nicolae_ossuary_entry_ruins,
          abandoned_shop
D:7:      layout_loops_ring
D:8:      layout_basic, minmay_overflow_temple_star_quad,
          mainiacjoe_overflow_swirl, ebering_ghost_rock_garden,
          minmay_misc_feat_tiny, kennysheep_generic_room_6
D:9:      layout_basic, serial_corexii_hall, corexii_hall_statues_i,
          chequers_hall_statues_corner_a, minivault_22, uniq_amaemon,
          uniq_psyche
D:10:     minmay_ornate_pinched, layout_basic, david_lair_shrubbed,
          chequers_serial_rivers_marsh, uniq_harold
D:11:     layout_cave_pools
D:12:     layout_irregular_city, hiddenorc1_lemuel, gammafunk_ghost_grave
D:13:     minmay_the_grid_square_5x5_3x3 [minmay_the_grid_square_5x5_moneybag,
          minmay_the_grid_square_5x5_three,
          minmay_the_grid_square_5x5_hollow_slash,
          minmay_the_grid_square_5x5_six,
          minmay_the_grid_square_5x5_megaprize_open,
          minmay_the_grid_square_5x5_inset,
          minmay_the_grid_square_5x5_half_checkered,
          minmay_the_grid_square_5x5_shrine2, minmay_the_grid_square_5x5_comb],
          layout_loops_ring, lightli_vaults_fourway_checkpoint, serial_shops,
          shop, nicolae_twisting_strands, nicolae_concentric_dashed_squares_mild
Lair:1:   dreamdust_cave_troll, layout_chaotic_city, enter_volcano_4,
          lemuel_fruit_tree
Lair:2:   layout_roguey, minmay_shoals_entry_beasts, spider_nest_entry_rubble,
          gammafunk_ghost_abyssal_escape, serial_bayou_shore_b,
          lemuel_fruit_fields
Lair:3:   layout_regular_city, cheibrodos_lair_caveside_slide,
          grunt_megastairs_3
Lair:4:   layout_hall_layers, dpeg_slime_entry_enclosed, basic_altar,
          serial_bayou_shore_a
Lair:5:   grunt_lair_end_beastmaster, layout_loops_ring

Skill      XL: |  1  2  3  4  5  6  7  8  9 10 11 12 13 14 15 |
---------------+----------------------------------------------+-----
Armour         | 2 3 4 5 6 7 8 9 10 | 10.4
Dodging        | 2 3 4 5 6 7 |  7.2
Maces & Flails | 3 4 5 7 9 10 12 13 14 15 | 15.3
Fighting       | 4 5 6 7 9 10 | 10.4
Staves         | 1 2 3 4 |  4.8
Stealth        | 1 2 3 4 |  4.6
Shields        | 1 2 3 4 |  4.8
Throwing       | 2 4 5 7 9 10 | 10.3
Evocations     | 1 2 |  2.9

Action                   |  1- 3 |  4- 6 |  7- 9 | 10-12 | 13-15 || total
-------------------------+-------+-------+-------+-------+-------++-------
Melee: Mace              |   128 |     6 |       |       |       ||   134
       Punch             |     1 |       |       |     5 |     2 ||     8
       Quarterstaff      |       |    73 |       |       |    58 ||   131
       Flail             |       |    28 |   248 |   440 |   506 ||  1222
       Touch             |       |     7 |    46 |    82 |   109 ||   244
Throw: Stone             |     1 |     1 |    39 |    69 |       ||   110
       Boomerang         |       |       |       |    70 |    18 ||    88
       Dart              |       |       |       |     2 |    16 ||    18
Invok: Berserk           |       |     3 |     2 |     4 |     5 ||    14
 Abil: Evoke Blink       |       |       |       |       |     3 ||     3
Evoke: Wand              |       |       |       |       |     1 ||     1
  Use: Potion            |       |     2 |       |       |     1 ||     3
       Scroll            |       |     5 |     5 |    10 |    11 ||    31
 Stab: Sleeping          |     2 |     1 |     1 |     3 |     3 ||    10
       Distracted        |       |     1 |       |     1 |     2 ||     4
Armor: Animal skin       |    43 |    22 |       |       |       ||    65
       Leather armour    |       |     3 |    79 |    92 |   207 ||   381
       Acid dragon scale |       |       |       |    36 |       ||    36
Dodge: Dodged            |    94 |    51 |   111 |   169 |   340 ||   765
Block: Other             |       |    14 |    44 |    60 |   101 ||   219
       Reflection        |       |     1 |     2 |     4 |     6 ||    13
